 Dungeon Crawl Stone Soup version 0.18-a0-1071-g9f02aef (console) character file.

48 FIQ the Skirmisher (level 3, 0/20 HPs)
             Began as a Vine Stalker Fighter on Jan 14, 2016.
             Was a Follower of Okawaru.
             Slain by an orc
             ... wielding a +0 flail
              (1 damage)
             ... on level 3 of the Dungeon.
             The game lasted 00:05:17 (1302 turns).

FIQ the Skirmisher (Vine Stalker Fighter)           Turns: 1302, Time: 00:05:17

Health: 0/20       AC: 10    Str: 18    XL:     3   Next: 72%
Magic:  0/4        EV: 10    Int:  9    God:    Okawaru [*.....]
Gold:   49         SH: 11    Dex: 13    Spells: 0 memorised, 2 levels left

rFire  . . .     SeeInvis .     a - +0 rapier
rCold  . . .     Gourm    .     b - +0 scale mail
rNeg   . . .     Faith    .     c - +0 shield
rPois  .         Spirit   +     t - +0 helmet
rElec  .         Dismiss  .     (no cloak)
rCorr  .         Reflect  .     (no gloves)
SustAt .         Harm     .     l - +0 pair of boots
MR     +....                    (no amulet)
Stlth  ++........               r - ring of protection from magic
                                k - ring of stealth

@: heroism, somewhat resistant to hostile enchantments, unstealthy
A: fangs 2, regeneration 1, magic shield, antimagic bite, no device heal 3, rot
immunity
a: Heroism, Renounce Religion


You were on level 3 of the Dungeon.
You worshipped Okawaru.
Okawaru was aware of your devotion.
You were hungry.

You visited 1 branch of the dungeon, and saw 3 of its levels.

You collected 49 gold pieces.

Inventory:

Hand Weapons
 a - a +0 rapier (weapon)
Armour
 b - a +0 scale mail (worn)
 c - a +0 shield (worn)
 l - a +0 pair of boots (worn)
 t - a +0 helmet (worn)
Jewellery
 k - a ring of stealth (left hand)
 r - a ring of protection from magic (right hand)
Wands
 m - a wand of polymorph (16/24)
Scrolls
 e - a scroll of enchant armour {unknown}
 j - 3 scrolls of recharging {unknown}
 o - 2 scrolls of identify {unknown}
 q - a scroll of teleportation {unknown}
Potions
 d - 2 potions of might
 g - 3 potions of curing {unknown}
 n - a potion of brilliance {unknown}
Comestibles
 f - 5 bread rations
 h - a meat ration
 i - a fruit
 p - 2 slices of pizza
 s - a beef jerky


   Skills:
 + Level 3.1(8.1) Fighting
 * Level 2.8(7.8) Short Blades
 + Level 2.4(7.4) Armour
 + Level 3.0(8.0) Shields


You had 2 spell levels left.
You didn't know any spells.

Dungeon Overview and Level Annotations

Branches:
Dungeon (3/15)

Altars:
Okawaru

Annotations:
D:3 Grinder


Innate Abilities, Weirdness & Mutations

You have extremely sharp teeth.
Your natural rate of healing is unusually fast.
When hurt, damage is shared between your health and your magic reserves.
Your bite disrupts and absorbs the magic of your enemies.
Potions and wands cannot restore your health.
You are immune to rotting.


Message History

Grinder is heavily wounded.
You block the orc's attack. Grinder hits you but does no damage.
You closely miss Grinder. Your bite misses Grinder.
Grinder is heavily wounded.
You block the orc's attack. Grinder closely misses you.
You hit Grinder. You bite Grinder.
Grinder's magic leaks into the air.
You drain his magic.
You feel invigorated.
Grinder is severely wounded.
You hit Grinder. You bite Grinder.
Grinder's magic leaks into the air.
You drain his magic.
Grinder is severely wounded.
Grinder hits you.
* * * LOW HITPOINT WARNING * * *
You writhe in agony.
* * * LOW HITPOINT WARNING * * *
The orc barely misses you.
You hit Grinder but do no damage. You bite Grinder.
Grinder's magic leaks into the air.
You drain his magic.
You feel invigorated.
Grinder is almost dead.
You block Grinder's attack. The orc hits you with a flail.
You die...

### ##.###
##################.....
#....o@5............###
#...################.#
...5. #.# ...o #.###
..o #.#########.... ..
............### #
#.......##### #######.#
#.# #.# #.#


You could see Grinder and an orc.

Vanquished Creatures
  An ooze (D:2)
  11 bats
  3 giant cockroaches
  4 hobgoblins
  6 jackals (D:1)
  A giant newt (D:1)
  4 goblins
  4 kobolds (D:1)
  6 rats
40 creatures vanquished.

Notes
Turn   | Place    | Note
--------------------------------------------------------------
     0 | D:1      | FIQ the Vine Stalker Fighter began the quest for the Orb.
     0 | D:1      | Reached XP level 1. HP: 11/11 MP: 2/2
   134 | D:1      | Reached XP level 2. HP: 16/16 MP: 3/3
   325 | D:1      | Reached skill level 3 in Fighting
   376 | D:1      | Reached XP level 3. HP: 18/20 MP: 4/4
   705 | D:2      | Found a faded altar to an unknown god.
   940 | D:2      | Became a worshipper of Warmaster Okawaru
   940 | D:2      | Reached * piety under Okawaru
  1286 | D:3      | Noticed Grinder
  1301 | D:3      | HP: 1/20 [Grinder (2)]
  1302 | D:3      | Slain by an orc

Vault maps used:
D:1:      dpeg_arrival_water_temple_mockup, minmay_bisected
D:2:      first_bread, ecumenical_altar_1
D:3:      nrook_mini_vaults, uniq_grinder

Action                   || total
-------------------------++-------
Melee: Rapier            ||   140
Invok: Heroism           ||     1
  Eat: Chunk             ||     1
